 Dungeon Crawl Stone Soup version 0.29.1-4-g47bece8355 (webtiles) character file.

Game seed: 15545047794985956791

193 DoIIoM the Caller (level 5, 0/25 (31) HPs)
             Began as an Octopode Summoner on Dec 1, 2022.
             Slain by a necrophage (1 damage)
             ... on level 4 of the Dungeon on Dec 2, 2022.
             The game lasted 00:10:22 (3734 turns).

DoIIoM the Caller (Octopode Summoner)               Turns: 3734, Time: 00:10:23

HP:   0/25 (31)     AC:  1    Str:  7    XL:     5   Next: 72%
MP:   8/10          EV: 13    Int: 20    God:
Gold: 256           SH:  0    Dex: 12    Spells: 5/11 levels left

rFire   + . .      SeeInvis .   g - +0 dagger
rCold   . . .      Faith    .   (no shield)
rNeg    . . .      Spirit   .   (helmet restricted)
rPois   .          Reflect  .   (no amulet)
rElec   .          Harm     .   l - ring of protection from fire
rCorr   .          Rampage  .   (no ring)
Will    .....                   (no ring)
Stlth   ++++......              (no ring)
HPRegen 0.08/turn               (no ring)
MPRegen 0.12/turn               (no ring)
                                (no ring)
                                (no ring)

@: heavily drained
A: almost no armour, amphibious, 8 rings, camouflage 1, gelatinous body 1,
(nimble swimmer 1), tentacles
a: no special abilities


You were on level 4 of the Dungeon.
You visited 2 branches of the dungeon, and saw 5 of its levels.

You collected 256 gold pieces.

Inventory:

Hand Weapons
 g - a +0 dagger (weapon)
Jewellery
 l - a ring of protection from fire (left tentacle)
Wands
 m - a wand of polymorph (1)
Scrolls
 b - a scroll of immolation {unknown}
 c - a scroll of fear {unknown}
 h - a scroll of teleportation {unknown}
 k - a scroll of noise {unknown}
 n - 2 scrolls of poison {unknown}
 p - 2 scrolls of blinking
 q - 2 scrolls of vulnerability {unknown}
 t - a scroll of butterflies {unknown}
 v - 2 scrolls of identify {unknown}
 w - a scroll of brand weapon {unknown}
Potions
 a - a potion of magic
 d - a potion of lignification {unknown}
 e - a potion of curing {unknown}
 f - a potion of brilliance {unknown}
 i - 2 potions of invisibility {unknown}
 j - 3 potions of heal wounds {unknown}
 o - 2 potions of mutation {unknown}
 r - a potion of haste {unknown}
 s - a potion of degeneration {unknown}
 u - a potion of flight {unknown}


   Skills:
 - Level 2.0 Dodging
 - Level 4.4 Stealth
 + Level 3.6 Spellcasting
 + Level 5.2 Summonings


You had 5 spell levels left.
You knew the following spells:

 Your Spells              Type           Power      Damage    Failure   Level
a - Summon Small Mammal   Summ           96%        N/A       1%          1
b - Call Imp              Summ           24%        N/A       2%          2
c - Call Canine Familiar  Summ           24%        N/A       4%          3

Your spell library contained the following spells:

 Spells                   Type           Power      Damage    Failure   Level
 Sandblast                Erth           6%         2d5       14%         1
 Summon Guardian Golem    Hex/Summ       14%        N/A       14%         3
 Passwall                 Tmut/Erth      2%         N/A       21%         2
 Stone Arrow              Conj/Erth      6%         3d7       38%         3
 Summon Lightning Spire   Summ/Air       14%        N/A       41%         4


Dungeon Overview and Level Annotations

Branches:
Dungeon (4/15)             Temple (1/1) D:4

Altars:
Cheibriados
Dithmenos
Gozag
Hepliaklqana
Kikubaaqudgha
Makhleb
Okawaru
Qazlal
Trog
Wu Jian
The Shining One


Innate Abilities, Weirdness & Mutations

You cannot wear most types of armour.
You are amphibious.
You can wear up to eight rings at the same time.
Your skin changes colour to match your surroundings (Stealth+).
Your rubbery body absorbs attacks. (AC +1, EV +1)
((You are camouflaged when in or above water. (Stealth+)))
You have tentacles for arms and can constrict up to eight enemies at once.


Message History

There is an open door here.
Casting: Call Imp (safe; 2% risk of failure)
Confirm with . or Enter, or press ? or * to list all spells.
The spell is quite dangerous to miscast (4% risk of failure)!
Continue anyway?
Okay, then.
Casting: Call Canine Familiar (quite dangerous; 4% risk of failure)
Confirm with . or Enter, or press ? or * to list all spells.
The spell is quite dangerous to miscast (4% risk of failure)!
Continue anyway?
Okay, then.
Unknown command.
Your shadow imp barely misses the necrophage.
The necrophage attacks as you move away!
The necrophage barely misses you.
The necrophage attacks as you move away!
The necrophage hits you!
Casting: Call Canine Familiar (quite dangerous; 4% risk of failure)
Confirm with . or Enter, or press ? or * to list all spells.
The necrophage hits you.
* * * LOW HITPOINT WARNING * * *
You feel drained.
Unknown command.
The necrophage attacks as you move away!
The necrophage hits you.
* * * LOW HITPOINT WARNING * * *
Your quokka completely misses the necrophage.
There is an open door here.
The necrophage attacks as you move away!
The necrophage hits you.
* * * LOW HITPOINT WARNING * * *
The necrophage attacks as you move away!
The necrophage misses you.
There is an open door here.
Your quokka barely misses the necrophage.
Casting: Summon Small Mammal (safe; 1% risk of failure)
Confirm with . or Enter, or press ? or * to list all spells.
A beastly little devil appears in a puff of frigid air.
The necrophage hits you.
* * * LOW HITPOINT WARNING * * *
You feel drained.
You die...

#...........................#
#.....#############.........#
#.....#.......'...#.........#
#.....#.......#...#.........#
#.....######..##..#.........#
..### #..###'##..#.....###.#
#..#..r....#.....# .#
#..#.5n....#.....# ##
#..#..@....#..)..#
#..'.......#.....#
#..###.##..#.....#####
#..###.#########.....#
.....#..........'.....#
......#..........#.....+
##.....##.....###'#.....#
#.....##.....##..##....#
#.....##.....##...#..<.+


You could see a necrophage (ally target), a friendly white imp (summoned) and a
friendly quokka (summoned).

Vanquished Creatures
  2 adders (D:3)
  2 dart slugs
  3 orcs (D:3)
  5 bats
  4 endoplasms
  2 giant cockroaches
  3 hobgoblins
  4 quokkas
  3 ball pythons
  2 frilled lizards
  4 goblins
  9 kobolds
  4 rats
47 creatures vanquished.

Vanquished Creatures (collateral kills)
  An ogre (D:4)
  An orc wizard (D:3)
  2 orcs (D:3)
  A ball python (D:4)
  2 hobgoblins
  2 kobolds
9 creatures vanquished.

Grand Total: 56 creatures vanquished

Notes
Turn   | Place    | Note
-------+----------+-------------------------------------------
     0 | D:1      | DoIIoM the Octopode Summoner began the quest for the Orb.
     0 | D:1      | Reached XP level 1. HP: 11/11 MP: 3/3
     0 | D:1      | Upgraded the game from 0.29.1-2-gbd0b4ee654 to
                  | 0.29.1-4-g47bece8355
    68 | D:1      | Found a faded altar of an unknown god.
   289 | D:1      | Reached XP level 2. HP: 2/17 MP: 3/5
   292 | D:1      | Learned a level 2 spell: Call Imp
  1285 | D:2      | Found an opulent altar of Gozag.
  1499 | D:2      | Reached XP level 3. HP: 21/21 MP: 6/6
  1783 | D:2      | Learned a level 3 spell: Call Canine Familiar
  1985 | D:3      | Reached XP level 4. HP: 27/27 MP: 1/8
  2834 | D:3      | HP: 1/27 [hobgoblin (1)]
  3133 | D:4      | Noticed an ogre
  3210 | D:4      | Killed an ogre
  3211 | D:4      | Reached skill level 5 in Summonings
  3211 | D:4      | Reached XP level 5. HP: 31/31 MP: 7/10
  3543 | D:4      | Found a staircase to the Ecumenical Temple.
  3559 | Temple   | Entered the Ecumenical Temple
  3734 | D:4      | HP: 1/27 [necrophage (6)]
  3734 | D:4      | Slain by a necrophage

Illustrated notes

Levels and vault maps discovered:
D:1:      dpeg_arrival_rhombi, layout_basic, basic_ecumenical_altar
D:2:      layout_loops_ring, basic_altar, minmay_statues_item,
          minmay_misc_feat_more_columns
D:3:      layout_basic, small_statue_intersection, st_stairs_10
D:4:      layout_gridville, minmay_temple_entry_tees, minivault_24
Temple:   nicolae_temple_ecumenical_triangle

Skill      XL: |  1  2  3  4 |
---------------+-------------+-----
Stealth        | 3 4 |  4.4
Spellcasting   | 3 |  3.6
Summonings     | 5 |  5.2
Dodging        | |  2.0

Action                   |  1- 3 |  4- 6 || total
-------------------------+-------+-------++-------
Melee: Unarmed           |    12 |       ||    12
       Constrict         |    25 |    11 ||    36
       Tentacles         |    18 |     7 ||    25
       Dagger            |    55 |    60 ||   115
       Punch             |       |     2 ||     2
 Cast: Summon Small Mamm |     3 |     5 ||     8
       Call Imp          |     4 |     6 ||    10
       Call Canine Famil |     1 |     1 ||     2
  Use: Scroll            |       |     1 ||     1
 Stab: Sleeping          |     6 |     9 ||    15
Armor: Skin              |     4 |     4 ||     8
Dodge: Dodged            |    51 |    46 ||    97
